 Dungeon Crawl Stone Soup version 0.31.0-9-g3a7656b989 (webtiles) character file.

Game seed: 10242158030230969976

2229 dave1331 the Shield-Bearer (level 9, -17/74 HPs)
             Began as a Gnoll Fighter on Jan 24, 2024.
             Demolished by a cyclops (19 damage)
             ... on level 6 of the Dungeon.
             The game lasted 00:22:29 (5202 turns).

dave1331 the Shield-Bearer (Gnoll Fighter)          Turns: 5202, Time: 00:22:29

Health: -17/74     AC: 11    Str: 20    XL:     9   Next: 36%
Magic:  15/15      EV: 12    Int: 12    God:
Gold:   142        SH:  0    Dex: 11    Spells: 16/16 levels left

rFire   + + .        u - +1 broad axe (vamp)
rCold   . . .        (no shield)
rNeg    . . .        q - +0 ring mail of Floral New Discoveries {rElec rF++ Int-2}
rPois   +            l - +1 helmet
rElec   +            (no cloak)
rCorr   .            k - +1 pair of gloves
SInv    .            (no boots)
Will    .....        (no amulet)
Stlth   ++           p - +6 ring of intelligence
HPRegen 0.32/turn    (no ring)
MPRegen 0.14/turn

%: no passive effects
@: no status effects
A: fangs 1, strong nose, distributed training, hooves 1, poison resistance
a: no special abilities


You were on level 6 of the Dungeon.
You visited 1 branch of the dungeon, and saw 6 of its levels.

You collected 389 gold pieces.
You spent 247 gold pieces at shops.

Inventory:

Hand Weapons
 a - a +0 war axe
 j - a +3 quarterstaff of chaos
 u - a +1 vampiric broad axe (weapon)
Missiles
 m - 2 throwing nets (quivered)
Armour
 b - a +0 scale mail
 c - a +0 buckler
 k - a +1 pair of gloves (worn)
 l - a +1 helmet (worn)
 q - the +0 ring mail of Floral New Discoveries (worn) {rElec rF++ Int-2}
   (You found it on level 3 of the Dungeon)

   Int-2:     It affects your intelligence (-2).
   rF++:      It greatly protects you from fire.
   rElec:     It insulates you from electricity.
Jewellery
 e - a ring of magical power
 p - a +6 ring of intelligence (left hand)
Wands
 i - a wand of flame (19)
Scrolls
 f - 9 scrolls of identify
 g - a scroll of revelation
 h - 3 scrolls of teleportation
 n - a scroll of butterflies
 o - a scroll of fear
 r - a scroll of vulnerability
 s - a scroll of blinking
 t - a scroll of fog {unknown}
Potions
 d - 3 potions of might


   Skills:
 + Level 7.9 Fighting
 + Level 4.3 Short Blades
 + Level 4.3 Long Blades
 + Level 6.4 Axes
 + Level 4.3 Maces & Flails
 + Level 4.3 Polearms
 + Level 4.3 Staves
 + Level 4.3 Ranged Weapons
 + Level 4.3 Throwing
 + Level 7.9 Armour
 + Level 4.3 Dodging
 + Level 4.3 Stealth
 + Level 7.9 Shields
 + Level 4.3 Unarmed Combat
 + Level 4.3 Spellcasting
 + Level 3.5 Conjurations
 + Level 3.5 Hexes
 + Level 3.5 Summonings
 + Level 3.5 Necromancy
 + Level 3.5 Translocations
 + Level 3.5 Fire Magic
 + Level 3.5 Ice Magic
 + Level 3.5 Air Magic
 + Level 3.5 Earth Magic
 + Level 3.5 Alchemy
 + Level 4.8 Invocations
 + Level 4.3 Evocations
 + Level 3.9 Shapeshifting


You had 16 spell levels left.
You didn't know any spells.
Your spell library contained the following spells:

 Spells                   Type           Power      Damage    Failure   Level
 Slow                     Hex            44%        N/A       8%          1
 Summon Small Mammal      Summ           44%        N/A       8%          1
 Call Canine Familiar     Summ           11%        N/A       22%         3
 Confusing Touch          Hex            11%        N/A       22%         3
 Inner Flame              Hex/Fire       11%        N/A       22%         3
 Sigil of Binding         Hex            11%        N/A       22%         3
 Vampiric Draining        Necr           11%        2d6       22%         3
 Flame Wave               Conj/Fire      11%        2d6       58%         4
 Passage of Golubria      Tloc           11%        N/A       58%         4
 Sticky Flame             Fire/Alch      11%        2d5       58%         4
 Summon Blazeheart Golem  Fire/Summ      11%        N/A       58%         4
 Alistair's Intoxication  Alch           7%         N/A       91%         5
 Borgnjor's Vile Clutch   Necr/Erth      5%         N/A       91%         5
 Silence                  Hex/Air        5%         N/A       91%         5
 Eringya's Noxious Bog    Alch           5%         4d6       100%        6
 Lehudib's Crystal Spear  Conj/Erth      5%         10d3      100%        8


Dungeon Overview and Level Annotations

Branches:
Dungeon (6/15)             Temple (0/1) D:5

Altars:
Ashenzari
Fedhas
Hepliaklqana
Wu Jian
Xom

Shops:
D:6 (

Annotations:
D:3 2 transporters


Innate Abilities, Weirdness & Mutations

You have very sharp teeth.
Your uncanny sense of smell can sniff out nearby items.
Your experience applies equally to all skills.
You have large cloven feet.
Your system is resistant to poisons. (rPois)


Message History

The bullfrog hits you. The bullfrog barely misses you.
You barely miss the bullfrog. Your kick misses the bullfrog.
The bullfrog is heavily wounded.
The bullfrog hits you. The bullfrog barely misses you.
You slash the bullfrog!
The bullfrog is almost dead.
The bullfrog hits you but does no damage. x2
You hit the bullfrog.
You feel better.
Your kick misses the bullfrog.
The bullfrog is almost dead.
The bullfrog closely misses you.
The bullfrog hits you but does no damage.
You hit the bullfrog.
You kill the bullfrog!
You open the door.
A cyclops comes into view.
The cyclops shouts!
There is an open door here.
The cyclops throws a large rock.
The large rock hits you!!
There is an open door here.
Found 4 poisoned darts.
You hit the cyclops. You kick the cyclops, but do no damage.
The cyclops is lightly wounded.
You hit the cyclops.
You feel better.
You kick the cyclops.
The cyclops is lightly wounded.
The cyclops hits you!!
You slash the cyclops! You kick the cyclops, but do no damage.
You bite the cyclops.
The cyclops is moderately wounded.
The cyclops hits you!!
* * * LOW HITPOINT WARNING * * *
You slash the cyclops! You kick the cyclops, but do no damage.
The cyclops is heavily wounded.
The cyclops barely misses you.
You slash the cyclops! You kick the cyclops, but do no damage.
The cyclops is severely wounded.
The cyclops hits you but does no damage.
You hit the cyclops but do no damage. You bite the cyclops, but do no damage.
The cyclops is severely wounded.
The cyclops hits you!!
You die...

#........#
#........#
###
#........#
..#
#........#
..#
#........#
..### ∆∆
#........#
....# ∆
#........#
....#
##'#######
....# #@#
....#
#.C.....#
....# ∆
#.......#
....#
#.......#
#####
#........
∆
#........
#........
#....(...


You could see a cyclops.

Vanquished Creatures
  Prince Ribbit (D:5)
  Grinder (D:4)
  Eustachio (D:5)
  Edmund (D:5)
  A water moccasin (D:6)
  A sky beast (D:6)
  2 black bears
  An ogre (D:5)
  2 scorpions
  A bullfrog (D:6)
  A bombardier beetle (D:4)
  4 hounds
  3 orc priests
  Crazy Yiuf (D:2)
  2 jellies
  3 sleepcaps
  2 gnoll boudas
  Jessica (D:3)
  Natasha (thrice) (D:3)
  2 iguanas
  2 orc wizards
  7 gnolls
  7 adders
  A white imp (D:5)
  4 dart slugs
  3 ribbon worms
  15 orcs
  9 ball pythons
  11 endoplasms
  5 giant cockroaches
  5 goblins
  8 hobgoblins
  5 quokkas
  6 bats
  4 frilled lizards
  5 kobolds
  10 rats
141 creatures vanquished.

Notes
Turn   | Place    | Note
-------+----------+-------------------------------------------
     0 | D:1      | dave1331 the Gnoll Fighter began the quest for the Orb.
     0 | D:1      | Reached XP level 1. HP: 23/23 MP: 1/1
   212 | D:1      | Reached XP level 2. HP: 29/29 MP: 2/2
   434 | D:1      | Reached XP level 3. HP: 25/35 MP: 3/3
   755 | D:2      | Reached skill level 1 in Invocations
   764 | D:2      | Reached skill level 1 in Short Blades
   764 | D:2      | Reached skill level 1 in Long Blades
   764 | D:2      | Reached skill level 1 in Maces & Flails
   764 | D:2      | Reached skill level 1 in Polearms
   764 | D:2      | Reached skill level 1 in Staves
   764 | D:2      | Reached skill level 1 in Ranged Weapons
   764 | D:2      | Reached skill level 1 in Throwing
   764 | D:2      | Reached skill level 1 in Dodging
   764 | D:2      | Reached skill level 1 in Stealth
   764 | D:2      | Reached skill level 1 in Unarmed Combat
   764 | D:2      | Reached skill level 1 in Spellcasting
   764 | D:2      | Reached skill level 1 in Evocations
   838 | D:2      | Reached skill level 1 in Shapeshifting
   838 | D:2      | Reached XP level 4. HP: 37/41 MP: 5/5
  1158 | D:2      | Found a runed translucent door.
  1159 | D:2      | Noticed Crazy Yiuf
  1249 | D:2      | Gained mutation: Your system is resistant to poisons.
                  | (rPois) [potion of mutation]
  1249 | D:2      | Gained mutation: You have large cloven feet. [potion of
                  | mutation]
  1341 | D:2      | Killed Crazy Yiuf
  1342 | D:2      | Reached skill level 1 in Conjurations
  1342 | D:2      | Reached skill level 1 in Hexes
  1342 | D:2      | Reached skill level 1 in Summonings
  1342 | D:2      | Reached skill level 1 in Necromancy
  1342 | D:2      | Reached skill level 1 in Translocations
  1342 | D:2      | Reached skill level 1 in Fire Magic
  1342 | D:2      | Reached skill level 1 in Ice Magic
  1342 | D:2      | Reached skill level 1 in Air Magic
  1342 | D:2      | Reached skill level 1 in Earth Magic
  1342 | D:2      | Reached skill level 1 in Alchemy
  1385 | D:3      | Noticed Jessica
  1386 | D:3      | Noticed Natasha
  1390 | D:3      | Killed Jessica
  1391 | D:3      | Reached XP level 5. HP: 39/47 MP: 5/7
  1395 | D:3      | Killed Natasha
  1423 | D:3      | Noticed Natasha
  1430 | D:3      | Killed Natasha
  1478 | D:3      | Reached XP level 6. HP: 46/53 MP: 8/8
  1523 | D:3      | Reached skill level 5 in Axes
  1529 | D:3      | Found a transporter.
  1538 | D:3      | Found a transporter.
  1639 | D:3      | Noticed Natasha
  1648 | D:3      | Killed Natasha
  1719 | D:3      | Noticed a sky beast
  1800 | D:3      | Found a faded altar of an unknown god.
  1947 | D:3      | Found an ornate altar of the Wu Jian Council.
  1951 | D:3      | Found a shimmering altar of Xom.
  1953 | D:3      | Found a hazy altar of Hepliaklqana.
  2037 | D:3      | Identified the +0 ring mail of Floral New Discoveries
                  | {rElec rF++ Int-2}
  2439 | D:4      | Reached XP level 7. HP: 49/59 MP: 10/10
  2851 | D:4      | Found a broken altar of Ashenzari.
  2970 | D:4      | Noticed Grinder
  2984 | D:4      | Killed Grinder
  3538 | D:5      | Entered Level 5 of the Dungeon
  3550 | D:5      | Reached XP level 8. HP: 67/67 MP: 12/12
  3565 | D:5      | Noticed Prince Ribbit
  3820 | D:5      | Noticed Eustachio
  3846 | D:5      | Killed Eustachio
  4006 | D:5      | Found a staircase to the Ecumenical Temple.
  4242 | D:5      | Killed Prince Ribbit
  4499 | D:5      | Noticed Edmund
  4510 | D:5      | Killed Edmund
  4511 | D:5      | Reached XP level 9. HP: 69/73 MP: 13/15
  4773 | D:6      | Found a blossoming altar of Fedhas.
  4903 | D:6      | Found Beosk's Weapon Emporium.
  4925 | D:6      | Bought a +1 vampiric broad axe for 247 gold pieces
  5192 | D:6      | Noticed a cyclops
  5199 | D:6      | HP: 1/74 [cyclops (24)]
  5202 | D:6      | Demolished by a cyclops

Illustrated notes

Levels and vault maps discovered:
D:1:      dpeg_arrival_castle, layout_rooms, grunt_decor_clamped,
          serial_bayou_ford_a
D:2:      layout_rooms, kennysheep_generic_room_7, uniq_crazy_yiuf_cottage
D:3:      gammafunk_steamed_eel, layout_loops_ring, minitemple,
          hellmonk_ecumenical_altar_pennies_from_heaven, minmay_misc_feat_tiny,
          lightli_corner_chamber, uniq_natasha, uniq_jessica
D:4:      layout_loops_ring, lemuel_round_altar, serial_bayou,
          serial_bayou_pond_c, serial_bayou_pond_c, serial_bayou_shore_b,
          serial_bayou_shore_b, uniq_grinder
D:5:      layout_loops_ring, minmay_temple_entry_enclosed_plants,
          uniq_prince_ribbit1, uniq_eustachio, uniq_edmund
D:6:      layout_basic, fedhas_altar_3, serial_shops, nicolae_square_shop,
          serial_bayou_crossing, uniq_blork_the_orc

Skill      XL: |  1  2  3  4  5  6  7  8 |
---------------+-------------------------+-----
Invocations    | 1 2 3 4 |  4.8
Short Blades   | 1 2 3 4 |  4.3
Long Blades    | 1 2 3 4 |  4.3
Maces & Flails | 1 2 3 4 |  4.3
Polearms       | 1 2 3 4 |  4.3
Staves         | 1 2 3 4 |  4.3
Ranged Weapons | 1 2 3 4 |  4.3
Throwing       | 1 2 3 4 |  4.3
Dodging        | 1 2 3 4 |  4.3
Stealth        | 1 2 3 4 |  4.3
Unarmed Combat | 1 2 3 4 |  4.3
Spellcasting   | 1 2 3 4 |  4.3
Evocations     | 1 2 3 4 |  4.3
Shapeshifting  | 1 2 3 |  3.9
Conjurations   | 1 2 3 |  3.5
Hexes          | 1 2 3 |  3.5
Summonings     | 1 2 3 |  3.5
Necromancy     | 1 2 3 |  3.5
Translocations | 1 2 3 |  3.5
Fire Magic     | 1 2 3 |  3.5
Ice Magic      | 1 2 3 |  3.5
Air Magic      | 1 2 3 |  3.5
Earth Magic    | 1 2 3 |  3.5
Alchemy        | 1 2 3 |  3.5
Axes           | 5 6 |  6.4
Fighting       | 7 |  7.9
Armour         | 7 |  7.9
Shields        | 7 |  7.9

Action                     |  1- 3 |  4- 6 |  7- 9 || total
---------------------------+-------+-------+-------++-------
  Melee: War axe           |    80 |    25 |       ||   105
         Bite              |     5 |     9 |    23 ||    37
         Quarterstaff      |       |   101 |   172 ||   273
         Kick              |       |    22 |    56 ||    78
         Broad axe         |       |       |    18 ||    18
    Use: Potion            |     2 |     3 |     5 ||    10
         Scroll            |     2 |     4 |     3 ||     9
   Stab: Sleeping          |       |       |     3 ||     3
 Armour: Scale mail        |    67 |    59 |       ||   126
         Ring mail         |       |    11 |   136 ||   147
  Dodge: Dodged            |    44 |    49 |    92 ||   185
  Block: Buckler           |    29 |     8 |       ||    37
